 Dungeon Crawl Stone Soup version 0.31.0 (webtiles) character file.

Game seed: 16784748652617443013

201 NamelessAdventurer the Ruffian (level 5, 0/42 HPs)
             Began as a Hill Orc Shapeshifter on Jan 20, 2024.
             Was a Follower of Beogh.
             Slain by a mummy (18 damage)
             ... in an ossuary.
             The game lasted 00:07:49 (2086 turns).

NamelessAdventurer the Ruffian (HOSh)               Turns: 2086, Time: 00:07:49

Health: 0/42       AC:  5    Str: 17    XL:     5   Next: 79%
Magic:  5/5        EV: 11    Int: 12    God:    Beogh [*.....]
Gold:   120        SH:  0    Dex: 10    Spells: 3/5 levels left

rFire   + .          .
                       - Unarmed
rCold   . . .        (no shield)
rNeg    . . .        i - +2 leather armour {rF+}
rPois   .            (helmet currently unavailable)
rElec   .            (cloak currently unavailable)
rCorr   .            (gloves currently unavailable)
SInv    .            (boots currently unavailable)
Will    .....        b - amulet of faith
Stlth   +            (no ring)
HPRegen 0.27/turn    (no ring)
MPRegen 0.09/turn

%: faith
@: beast-form
A: beast (slay +1)
a: Begin Untransformation, Renounce Religion


You were in an ossuary.
You worshipped Beogh.
Beogh was aware of your devotion.
You were a hulking beast.
You visited 1 branch of the dungeon, and saw 4 of its levels.
You also visited: Ossuary.

You collected 120 gold pieces.

Inventory:

Armour
 a - a +1 animal skin
 i - a +2 leather armour of fire resistance (worn)
Jewellery
 b - an amulet of faith (around neck)
Talismans
 c - a beast talisman
 d - a flux talisman
Scrolls
 l - 2 scrolls of immolation
Potions
 e - 2 potions of attraction
 f - a potion of degeneration {unknown}
 k - a potion of heal wounds {unknown}


   Skills:
 * Level 2.3 Fighting
 * Level 1.0 Throwing
 * Level 1.2 Armour
 * Level 2.1 Dodging
 * Level 0.9 Stealth
 * Level 4.7 Unarmed Combat
 * Level 0.5 Spellcasting
 * Level 0.3 Invocations
 * Level 3.3 Shapeshifting


You had 3 spell levels left.
You knew the following spells:

 Your Spells              Type           Power      Damage    Failure   Level
a - Call Imp              Summ           0%         N/A       50%         2

Your spell library contained the following spells:

 Spells                   Type           Power      Damage    Failure   Level
 Apportation              Tloc           0%         N/A       36%         1
 Magic Dart               Conj           0%         1d3       36%         1
 Necrotise                Necr           0%         1d4       36%         1
 Sting                    Conj/Alch      0%         1d3       36%         1
 Summon Small Mammal      Summ           0%         N/A       36%         1
 Blink                    Tloc           0%         N/A       50%         2
 Static Discharge         Conj/Air       0%         3-3/arc   50%         2
 Airstrike                Air            0%         2d(0-16)  98%         4
 Summon Lightning Spire   Summ/Air       0%         N/A       98%         4
 Iskenderun's Battlesphe  Conj           0%         2d6       100%        5
 Bombard                  Conj/Erth      0%         9d1       100%        6
 Spellforged Servitor     Conj/Summ      0%         N/A       100%        7


Dungeon Overview and Level Annotations

Branches:
Dungeon (4/15)             Temple (0/1) D:4         Ossuary (1/1)

Altars:
Fedhas
Qazlal


Message History

You hit the mummy. You punch the mummy.
The mummy is heavily damaged.
The mummy barely misses you.
Your cerulean imp hits the mummy but does no damage.
You hit the mummy.
The mummy is severely damaged.
Your cerulean imp hits the mummy but does no damage.
The mummy hits you.
You barely miss the mummy.
The mummy is severely damaged.
Your cerulean imp hits the mummy with a -4 spear.
You hit the mummy.
You destroy the mummy!
Beogh accepts your kill.
Your Dodging skill increases to level 2!
You swap places.
You start resting.
You flicker for a moment.
A mummy comes into view.
Your cerulean imp hits the mummy but does no damage.
A mummy comes into view.
Your cerulean imp hits the mummy from afar with a -4 spear.
You flicker back into view.
Your cerulean imp hits the mummy but does no damage.
Your cerulean imp hits the mummy but does no damage.
Your cerulean imp hits the mummy but does no damage.
You hit the mummy.
The mummy is lightly damaged.
Your cerulean imp hits the mummy with a -4 spear.
You hit the mummy.
The mummy is heavily damaged.
Your cerulean imp closely misses the mummy.
The mummy hits you.
You hit the mummy but do no damage.
The mummy is heavily damaged.
Your cerulean imp hits the mummy but does no damage.
You barely miss the mummy.
The mummy is heavily damaged.
The mummy hits you!!
You die...

..............
..............
............
#........#
#.....M#
#....# #5...#
#.M..# #.h..#
#....# #....#
#....# #....#
#.∩∩.# ######


You could see 2 mummies and a friendly cerulean imp (summoned).

Vanquished Creatures
  A bombardier beetle (D:3)
  5 mummies (Ossuary)
  4 adders
  3 dart slugs
  3 ribbon worms
  8 orcs
  4 bats
  2 endoplasms
  4 giant cockroaches
  2 gnoll zombies (Ossuary)
  4 goblins
  2 hobgoblins (D:3)
  A ball python (D:1)
  3 frilled lizards
  2 hobgoblin zombies (Ossuary)
  An orc zombie (Ossuary)
  4 rats
53 creatures vanquished.

Vanquished Creatures (collateral kills)
  A kobold zombie (Ossuary)
  2 orc zombies (Ossuary)
3 creatures vanquished.

Vanquished Creatures (others)
  Sigmund (D:3)
  An endoplasm (D:3)
  A giant cockroach (D:3)
3 creatures vanquished.

Grand Total: 59 creatures vanquished

Notes
Turn   | Place    | Note
-------+----------+-------------------------------------------
     0 | D:1      | NamelessAdventurer the Hill Orc Shapeshifter began the
                  | quest for the Orb.
     0 | D:1      | Reached XP level 1. HP: 16/16 MP: 1/1
   472 | D:1      | Reached XP level 2. HP: 22/23 MP: 2/2
   815 | D:2      | Reached XP level 3. HP: 28/28 MP: 3/3
   929 | D:3      | Became a worshipper of Beogh the Brigand
   936 | D:3      | Killed Sigmund
  1020 | D:3      | Reached skill level 4 in Unarmed Combat
  1040 | D:3      | Found a blossoming altar of Fedhas.
  1071 | D:3      | Reached skill level 1 in Armour
  1071 | D:3      | Reached XP level 4. HP: 36/36 MP: 4/4
  1335 | D:3      | Reached * piety under Beogh
  1464 | D:3      | Reached XP level 5. HP: 41/41 MP: 5/5
  1468 | D:3      | Found a stormy altar of Qazlal.
  1617 | D:3      | Learned a level 2 spell: Call Imp
  1814 | D:4      | Found a staircase to the Ecumenical Temple.
  1992 | D:4      | Found a sand-covered staircase.
  2000 | Ossuary  | Entered an ossuary
  2036 | Ossuary  | Reached skill level 1 in Throwing
  2086 | Ossuary  | Slain by a mummy

Illustrated notes

Levels and vault maps discovered:
D:1:      psy_arrival_whirlpool, layout_basic
D:2:      layout_basic, basic_altar, nicolae_titane
D:3:      layout_basic, mainiacjoe_overflow_brackets, marbit_many_paths,
          dreamdust_princess_bridge, palyth_stone_intersect, uniq_sigmund
D:4:      layout_layer_cave, grunt_temple_overflow_cloverleaf,
          minmay_temple_entry_junction, enter_ossuary_4,
          hangedman_abyss_or_decor_passed,
          nicolae_concentric_dashed_squares_wild,
          chequers_serial_rivers_micro_c, corexii_corridor_pit
Ossuary:  ossuary_tomb_3

Skill      XL: |  1  2  3  4  5 |
---------------+----------------+-----
Shapeshifting  | 3 |  3.3
Unarmed Combat | 4 |  4.7
Armour         | 1 |  1.2
Fighting       | 2 |  2.3
Throwing       | 1 |  1.0
Dodging        | 2 |  2.1
Stealth        | |  0.9
Spellcasting   | |  0.5
Invocations    | |  0.3

Action                     |  1- 3 |  4- 6 || total
---------------------------+-------+-------++-------
  Melee: Unarmed           |    85 |    85 ||   170
         Punch             |     1 |     2 ||     3
  Throw: Throwing net      |       |     1 ||     1
   Cast: Call Imp          |       |     3 ||     3
 Invoke: Convert to Beogh  |     1 |       ||     1
    Use: Scroll            |     6 |     3 ||     9
         Potion            |     1 |     2 ||     3
   Stab: Held in net/web   |       |     1 ||     1
         Sleeping          |       |     1 ||     1
         Distracted        |       |     1 ||     1
 Armour: Animal skin       |    25 |       ||    25
         Skin              |     1 |       ||     1
         Leather armour    |    11 |    34 ||    45
  Dodge: Dodged            |    55 |    46 ||   101
